 Dungeon Crawl Stone Soup version 0.30-a0-6-g7c9e10e132 (webtiles) character file.

Game seed: 600619643282923353

159 SensoryNuts the Chopper (level 5, -8/69 HPs)
             Began as a Minotaur Fighter on Aug 23, 2022.
             Killed by nerve-wracking pain
             ... invoked by Grinder
              (10 damage)
             ... on level 3 of the Dungeon.
             The game lasted 00:02:00 (2160 turns).

SensoryNuts the Chopper (Minotaur Fighter)          Turns: 2160, Time: 00:02:02

Health: -8/69      AC: 10    Str: 21    XL:     5   Next: 17%
Magic:  4/4        EV: 13    Int:  5    God:
Gold:   249        SH:  4    Dex: 11    Spells: 4/4 levels left

rFire   . . .      SeeInvis .    a - +0 war axe
rCold   . . .      Faith    .    c - +0 buckler
rNeg    . . .      Spirit   .    b - +0 scale mail
rPois   .          Reflect  .    (helmet restricted)
rElec   .          Harm     .    (no cloak)
rCorr   .          Rampage  .    r - +2 pair of gloves
Will    .....                    (no boots)
Stlth   ..........               (no amulet)
HPRegen 0.21/turn                e - +4 ring of evasion
MPRegen 0.09/turn                (no ring)

@: mighty, berserking, very quick
A: horns 2, retaliatory headbutt
a: no special abilities


You were on level 3 of the Dungeon.
You visited 1 branch of the dungeon, and saw 3 of its levels.

You collected 249 gold pieces.

Inventory:

Hand Weapons
 a - a +0 war axe (weapon)
Armour
 b - a +0 scale mail (worn)
 c - a +0 buckler (worn)
 r - a +2 pair of gloves (worn)
Jewellery
 e - a +4 ring of evasion (left hand)
 f - a ring of positive energy
 h - an amulet of guardian spirit
 i - a ring of resist corrosion
Wands
 t - a wand of light (7)
Scrolls
 d - a scroll of torment {unknown}
 k - 2 scrolls of fear {unknown}
 l - a scroll of blinking {unknown}
 n - 2 scrolls of fog {unknown}
 o - 2 scrolls of identify {unknown}
Potions
 g - a potion of magic
 m - a potion of mutation {unknown}
 p - a potion of resistance {unknown}
 q - 2 potions of might
 s - a potion of heal wounds {unknown}


   Skills:
 + Level 4.2 Fighting
 * Level 5.2 Axes
 + Level 4.2 Armour
 + Level 0.5 Dodging
 + Level 4.2 Shields


You had 4 spell levels left.
You didn't know any spells.
Your spell library was empty.

Dungeon Overview and Level Annotations

Branches:
Dungeon (3/15)

Altars:

Annotations:
D:3 Grinder


Innate Abilities, Weirdness & Mutations

You have a pair of horns on your head.
You reflexively headbutt those who attack you in melee.


Message History

You are too injured to fight recklessly!
You feel very mighty all of a sudden. Grinder barely misses you.
You slash Grinder! Your headbutt misses Grinder.
Grinder is heavily wounded.
Grinder closely misses you.
You hit Grinder.
Grinder is heavily wounded.
Grinder closely misses you.
You slash Grinder!
Grinder is severely wounded.
Grinder blinks!
Found a stone staircase leading down.
Unknown command.
A hobgoblin comes into view.
The hobgoblin shouts!
You hear an angry hiss.
A frilled lizard comes into view.
A ball python comes into view.
The hobgoblin moves out of view.
The frilled lizard hisses angrily.
Grinder gestures at you. Pain shoots through your body!
* * * LOW HITPOINT WARNING * * *
You closely miss Grinder. Your headbutt misses Grinder.
Grinder is severely wounded.
You block Grinder's attack. Grinder hits you.
* * * LOW HITPOINT WARNING * * *
You writhe in agony.
* * * LOW HITPOINT WARNING * * *
Unknown command.
It was a potion of magic.
Magic courses through your body.
Grinder grins, showing sharp teeth.
Grinder gestures at you. You resist with significant effort.
It was a potion of berserk rage.
A red film seems to cover your vision as you go berserk!
You feel yourself moving faster!
You feel mighty!
Grinder says, "DUCK!"
Grinder gestures at you. Pain shoots through your body!
You die...

#.. #.. . #.. ..
#.. ... #.. ....
##### ..... .....
#####g..... . ####
#..@5Sl.>.. ....##
#.#######.. #..)
#.# ####
#.#################
#.................#
#################.#
#)# #)# #.#


You could see Grinder, a hobgoblin, a ball python and a frilled lizard.

Vanquished Creatures
  Terence (D:3)
  4 gnolls (D:2)
  3 adders
  A worm (D:2)
  3 dart slugs
  3 endoplasms (D:2)
  3 giant cockroaches
  12 hobgoblins
  A quokka (D:3)
  4 ball pythons
  3 bats (D:1)
  4 frilled lizards
  2 goblins
  8 kobolds
  11 rats
63 creatures vanquished.

Notes
Turn   | Place    | Note
-------+----------+-------------------------------------------
     0 | D:1      | SensoryNuts the Minotaur Fighter began the quest for the
                  | Orb.
     0 | D:1      | Reached XP level 1. HP: 19/19 MP: 0/0
   210 | D:1      | Reached XP level 2. HP: 27/27 MP: 1/1
   258 | D:1      | Found a faded altar of an unknown god.
   670 | D:1      | Reached skill level 3 in Axes
   864 | D:2      | Reached XP level 3. HP: 32/33 MP: 2/2
  1029 | D:2      | Reached skill level 4 in Axes
  1029 | D:2      | Reached XP level 4. HP: 15/40 MP: 3/3
  2076 | D:3      | Noticed Terence
  2084 | D:3      | Killed Terence
  2085 | D:3      | Reached skill level 5 in Axes
  2085 | D:3      | Reached XP level 5. HP: 40/46 MP: 4/4
  2139 | D:3      | Noticed Grinder
  2158 | D:3      | HP: 1/46 [Grinder (6)]
  2160 | D:3      | Killed from afar by Grinder

Illustrated notes

Levels and vault maps discovered:
D:1:      dpeg_arrival_ternary, layout_loops_ring, basic_ecumenical_altar
D:2:      layout_loops_ring
D:3:      layout_basic, xom_butterflies, serial_bayou_pond_d, uniq_grinder,
          uniq_terence

Skill      XL: |  1  2  3  4 |
---------------+-------------+-----
Armour         | 4 |  4.2
Axes           | 3 4 5 |  5.2
Shields        | 4 |  4.2
Fighting       | 4 |  4.2
Dodging        | |  0.5

Action                   |  1- 3 |  4- 6 || total
-------------------------+-------+-------++-------
Melee: War axe           |    57 |    52 ||   109
       Headbutt          |     7 |     6 ||    13
  Use: Potion            |     1 |     3 ||     4
Armor: Scale mail        |    19 |    10 ||    29
Dodge: Dodged            |    39 |    26 ||    65
Block: Buckler           |    21 |    11 ||    32

Table legend: (Time is in decaauts)
 A = Elapsed time spent in this place.
 B = Non-inter-level travel time spent in this place.
 C = Inter-level travel time spent in this place.
 D = Time resting spent in this place.
 E = Time spent auto-exploring this place.
 F = Levels seen in this place.
 G = Mean time per level.
                   A        B        C        D        E       F      G
               +--------+--------+--------+--------+--------+-----+--------+
         Total |   2198 |   2198 |      0 |      0 |   1777 |   3 |  732.7 |
       Dungeon |   2198 |   2198 |      0 |      0 |   1777 |   3 |  732.7 |
               +--------+--------+--------+--------+--------+-----+--------+

Top non-repeatable levels by time:
     D:2: 949 daAuts
     D:1: 869 daAuts
     D:3: 379 daAuts
